 Dungeon Crawl Stone Soup version 0.27.0-1-g7a089689b8 (webtiles) character file.

Game seed: 12024469139861746004

4 Strat the Sneak (level 1, -1/18 HPs)
             Began as a Human Delver on Aug 9, 2021.
             Splashed by a jelly's acid (4 damage)
             ... in the Ecumenical Temple.
             The game lasted 00:00:59 (132 turns).

Strat the Sneak (Human Delver)                       Turns: 132, Time: 00:01:00

Health: -1/18      AC: -1    Str: 12    XL:     1   Next: 66%
Magic:  1/1        EV: 12    Int: 10    God:
Gold:   18         SH:  0    Dex: 14    Spells: 0/0 levels left

rFire    . . .     SeeInvis .   a - +0 falchion
rCold    . . .     Faith    .   (no shield)
rNeg     . . .     Spirit   .   b - +0 leather armour
rPois    .         Reflect  .   (no helmet)
rElec    .         Harm     .   (no cloak)
rCorr    .         Rampage  .   (no gloves)
Will     .....                  (no boots)
Stlth    +++.......             (no amulet)
HPRegen  0.06/turn              (no ring)
MPRegen  0.07/turn              (no ring)

@: corroded
A: no striking features
a: no special abilities


You were in the Ecumenical Temple.
You visited 2 branches of the dungeon, and saw 3 of its levels.

You collected 18 gold pieces.

Inventory:

Hand Weapons
 a - a +0 falchion (weapon)
Missiles
 h - 15 stones (quivered)
Armour
 b - a +0 leather armour (worn)
Wands
 g - a wand of digging (3)
Scrolls
 c - a scroll of fog
 d - a scroll of magic mapping
 e - a scroll of fear
 i - a scroll of acquirement {unknown}
Potions
 f - a potion of haste


   Skills:
 + Level 3.1 Fighting
 * Level 2.2 Long Blades
 - Level 2.0 Dodging
 - Level 5.0 Stealth


You couldn't memorise any spells.
You didn't know any spells.
Your spell library was empty.

Dungeon Overview and Level Annotations

Branches:
Dungeon (5/15)             Temple (1/1) D:5

Altars:
Ashenzari
Vehumet


Message History

Found an escape hatch in the floor.
There is an open door here.
You close the door.
You hear a slurping noise.
The jelly eats the door!
There is an escape hatch in the floor here.
You slide downwards.
The hatch slams shut behind you.
A jelly and a zombie come into view.
The jelly quivers.
The hound zombie moves out of view.
Found a staircase to the Ecumenical Temple.
The hound zombie bites you.
There is a fountain of clear blue water here.
An ice beast comes into view.
The ice beast misses you.
You riposte.
You hit the ice beast.
The ice beast is lightly wounded.
The hound zombie misses you.
The jelly jiggles.
A gnoll comes into view. It is wielding a +0 flail.
A gnoll comes into view. It is wielding a +0 halberd.
Found a gilded ring and a dagger.
A gnoll comes into view. It is wielding a +0 club.
The gnoll moves out of view.
Found a book of Minor Magic.
The ice beast barely misses you.
The gnoll shouts!
Found a fuming brown potion.
There is a staircase to the Ecumenical Temple here.
The jelly hits you.
You are splashed with acid.
* * * LOW HITPOINT WARNING * * *
You climb downwards.
Welcome to the Ecumenical Temple!
There is a staircase back to the Dungeon here.
Found a radiant altar of Vehumet.
You hit the jelly.
Your hands burn!
* * * LOW HITPOINT WARNING * * *
The jelly is lightly wounded.
The jelly barely misses you.
You riposte.
You hit the jelly.
The jelly is moderately wounded.
You hit the jelly. The acid corrodes you!
Your hands burn!
You die...

. ♣♣ ♣♣..
.♣♣♣..♣ ♣♣...♣♣
♣♣♣.....♣♣♣
♣♣♣♣J...<....♣
♣..@♣♣.....♣♣...
.....♣♣♣♣♣♣...♣♣
.._ ♣♣.♣♣ . ♣.♣
... .♣.. . ...
...


You could see a jelly.

Vanquished Creatures
  A dart slug (D:4)
  A quokka (D:4)
2 creatures vanquished.

Notes
Turn   | Place    | Note
-------+----------+-------------------------------------------
     0 | D:5      | Strat the Human Delver began the quest for the Orb.
     0 | D:5      | Reached XP level 1. HP: 18/18 MP: 1/1
    68 | D:4      | Found a broken altar of Ashenzari.
    80 | D:4      | Noticed a jelly
    96 | D:5      | Noticed a jelly
    99 | D:5      | Found a staircase to the Ecumenical Temple.
   103 | D:5      | Noticed an ice beast
   125 | Temple   | Entered the Ecumenical Temple
   132 | Temple   | Splashed by a jelly's acid

Illustrated notes

Levels and vault maps discovered:
D:4:      layout_gridville, nicolae_yredelemnul_corpse_copse,
          mainiacjoe_overflow_catwalk, serial_shops, nicolae_take_the_stairs
D:5:      layout_basic, nicolae_overflow_crystal_walls,
          minmay_temple_entry_waves
Temple:   jpeg_temple_clearing

Action                   || total
-------------------------++-------
Melee: Falchion          ||     8
 Stab: Sleeping          ||     1
Dodge: Dodged            ||    13
       Rpst.: Falchion   ||     8
